 Dungeon Crawl Stone Soup version 0.30-b1-2-g02819fbbbe (webtiles) character file.

Game seed: 9295142734966734834

147 sentinel the Chopper (level 5, -3/32 HPs)
             Began as a Gargoyle Fighter on May 21, 2023.
             Slain by a wyvern (5 damage)
             ... on level 4 of the Dungeon.
             The game lasted 00:02:38 (2789 turns).

sentinel the Chopper (Gargoyle Fighter)             Turns: 2789, Time: 00:02:39

Health: -3/32      AC: 12    Str: 21    XL:     5   Next: 29%
Magic:  5/5        EV:  8    Int:  9    God:
Gold:   67         SH:  9    Dex: 15    Spells: 4/4 levels left

rFire   . . .        k - +0 broad axe
rCold   . . .        f - +0 kite shield
rNeg    + . .        b - +0 scale mail
rPois   ∞            (no helmet)
rElec   +            (no cloak)
rCorr   .            (no gloves)
SInv    .            w - +0 pair of boots
Will    .....        (no amulet) Stlth
                     m - +6 ring of dexterity
HPRegen 0.25/turn    (no ring)
MPRegen 0.09/turn

%: no passive effects
@: mighty
A: sickness immunity, AC +4, negative energy resistance 1, electricity
resistance, torment resistance 1, petrification resistance
a: no special abilities


You were on level 4 of the Dungeon.
You visited 1 branch of the dungeon, and saw 4 of its levels.

You collected 160 gold pieces.
You spent 93 gold pieces at shops.

Inventory:

Hand Weapons
 a - a +0 war axe
 k - a +0 broad axe (weapon)
Armour
 b - a +0 scale mail (worn)
 c - a +0 buckler
 f - a +0 kite shield (worn)
 w - a +0 pair of boots (worn)
Jewellery
 m - a +6 ring of dexterity (left hand)
 u - a ring of ice
Scrolls
 e - a scroll of vulnerability {unknown}
 h - a scroll of amnesia {unknown}
 i - a scroll of silence {unknown}
 l - 5 scrolls of identify {unknown}
 o - a scroll of magic mapping {unknown}
 p - 2 scrolls of torment {unknown}
 q - a scroll of enchant armour {unknown}
 r - 2 scrolls of poison {unknown}
 s - 2 scrolls of noise {unknown}
 t - a scroll of fear {unknown}
 y - a scroll of enchant weapon {unknown}
Potions
 g - 2 potions of haste {unknown}
 j - 2 potions of degeneration {unknown}
 n - 3 potions of flight {unknown}
 v - a potion of curing {unknown}
 x - a potion of attraction {unknown}


   Skills:
 + Level 3.4 Fighting
 * Level 4.7 Axes
 - Level 3.2 Armour
 + Level 3.4 Shields


You had 4 spell levels left.
You didn't know any spells.
Your spell library was empty.

Dungeon Overview and Level Annotations

Branches:
Dungeon (4/15) Zot: 21090
 Temple: D:4-7

Altars:
Kikubaaqudgha
Yredelemnul

Shops:
D:1 [[(*(

Annotations:
D:2 1 runed translucent door, Crazy Yiuf


Innate Abilities, Weirdness & Mutations

You are immune to sickness and miasma.
Your stone body is resilient. (AC +4)
You are immune to poison.
You resist negative energy. (rN+)
You are resistant to electric shocks. (rElec)
You are resistant to unholy torment.
You are immune to petrification.


Message History

No target in view!
Found a stone staircase leading down.
You see here an adder corpse.
A hobgoblin comes into view.
The hobgoblin shouts!
But you're not safe! But you're not safe! But you're not safe!
A quokka comes into view. x2
You block the hobgoblin's attack.
You slash the hobgoblin!
You kill the hobgoblin!
You block the quokka's attack.
You hit the quokka.
The quokka is almost dead.
The quokka bites you but does no damage. x2
You barely miss the quokka.
The quokka is almost dead.
The quokka barely misses you. You block the quokka's attack.
The quokka bites you but does no damage.
You hit the quokka.
You kill the quokka!
You hit the quokka but do no damage. The quokka closely misses you.
You miss the quokka.
The quokka bites you but does no damage. x2
You slash the quokka!
You kill the quokka!
No target in view!
No target in view!
No target in view!
No target in view!
No target in view!
No target in view!
No target in view!
No target in view!
There is an escape hatch in the floor here.
You now have 37 gold pieces (gained 12).
Found a long sword.
A hobgoblin comes into view.
Found a scroll labelled DEODOW IJIAV.
The hobgoblin shouts!
But you're not safe! But you're not safe! But you're not safe!
Found 15 gold pieces.
The hobgoblin hits you but does no damage.
You closely miss the hobgoblin. You block the hobgoblin's attack.
The hobgoblin hits you but does no damage.
You hit the hobgoblin.
The hobgoblin is lightly wounded.
The hobgoblin hits you.
You slash the hobgoblin!
You kill the hobgoblin!
No target in view!
No target in view!
No target in view!
No target in view!
No target in view!
No target in view!
No target in view!
You see here a hobgoblin corpse.
r - 2 scrolls labelled DEODOW IJIAV (gained 1)
An endoplasm comes into view.
The endoplasm quivers.
But you're not safe! But you're not safe! But you're not safe!
An adder comes into view.
The adder hisses angrily.
Found an escape hatch in the ceiling.
The endoplasm completely misses you.
You slash the endoplasm!
You kill the endoplasm!
You miss the adder. The adder bites you but does no damage.
You block the adder's attack.
You hit the adder but do no damage.
The adder bites you but does no damage. x2
You barely miss the adder. You block the adder's attack. x2
You slash the adder!
You kill the adder!
No target in view!
No target in view!
No target in view!
No target in view!
No target in view!
You now have 52 gold pieces (gained 15).
You now have enough gold to buy a +0 pair of boots on D:1.
You can access your shopping list by pressing '$'.
You now have 67 gold pieces (gained 15).
A giant cockroach comes into view.
But you're not safe! But you're not safe! But you're not safe!
But you're not safe!
You hit the giant cockroach.
The giant cockroach is severely wounded.
The giant cockroach barely misses you. x2
You barely miss the giant cockroach.
The giant cockroach is severely wounded.
The giant cockroach closely misses you. You block the giant cockroach's attack.
You hit the giant cockroach.
You kill the giant cockroach!
No target in view!
No target in view!
No target in view!
No target in view!
No target in view!
No target in view!
No target in view!
No target in view!
You see here a giant cockroach corpse.
There is an escape hatch in the ceiling here.
An orc comes into view. It is wielding a +0 club.
But you're not safe! But you're not safe! But you're not safe!
The orc shouts!
A wyvern comes into view.
The wyvern hisses angrily.
You hear a shout!
A hobgoblin comes into view.
The hobgoblin shouts!
You closely miss the orc. The orc hits you with a +0 club.
You hit the orc.
The orc is moderately wounded.
The orc hits you with a +0 club. The orc hits you but does no damage.
You barely miss the orc.
The orc is moderately wounded.
You hit the wyvern.
The wyvern bites you but does no damage.
The wyvern barely misses you. The orc hits you but does no damage.
You hit the orc.
The orc is severely wounded.
You barely miss the wyvern. The wyvern barely misses you.
You block the orc's attack. The wyvern bites you!
The orc hits you but does no damage. You block the wyvern's attack.
You are too injured to fight recklessly!
You aren't carrying any items that you can evoke.
Unknown command.
You feel very mighty all of a sudden. You block the wyvern's attack.
You block the orc's attack.
You are too injured to fight recklessly!
You are too injured to fight recklessly!
You slash the wyvern!
The wyvern is moderately wounded.
You closely miss the orc. The wyvern bites you. The orc closely misses you.
The wyvern bites you!
* * * LOW HITPOINT WARNING * * *
HP warning!
You closely miss the wyvern.
The wyvern is moderately wounded.
You closely miss the orc. The wyvern bites you.
You die...

#.......##..........
####.#####..##......
###.#...###...#......
#....................
.....#.......##.#......#
...###..##......#....#..
# #.....#...........#.#
#...#............<..#..
....##@....##..##......
#.##.ol##......##...#..
......g###....###.#####
......##.......#..##
...... ...#....†..#
...... ...#####...#
..... .## #..## ....#
####


You could see a wyvern, an orc and a hobgoblin.

Vanquished Creatures
  4 gnolls
  6 adders
  A dart slug (D:4)
  An orc (D:3)
  4 ball pythons
  2 bats
  3 endoplasms
  4 giant cockroaches
  5 goblins
  6 hobgoblins
  4 quokkas
  6 frilled lizards
  7 rats
53 creatures vanquished.

Notes
Turn   | Place    | Note
-------+----------+-------------------------------------------
     0 | D:1      | sentinel the Gargoyle Fighter began the quest for the Orb.
     0 | D:1      | Reached XP level 1. HP: 14/14 MP: 1/1
    96 | D:1      | Found a faded altar of an unknown god.
   133 | D:1      | Reached skill level 2 in Axes
   194 | D:1      | Found Kyufipti's Antique Armour Shop.
   240 | D:1      | Reached XP level 2. HP: 19/19 MP: 2/2
   271 | D:1      | Found Qeluprei's Armour Boutique.
   314 | D:1      | Found Imabia Kybb's Antique Weapon Shop.
   342 | D:1      | Found Bidaosef's Assorted Antiques.
   533 | D:1      | Found Doixifoo's Antique Weapon Shop.
   680 | D:2      | Found a runed translucent door.
   681 | D:2      | Noticed Crazy Yiuf
   766 | D:2      | Reached skill level 3 in Axes
   766 | D:2      | Reached XP level 3. HP: 18/23 MP: 3/3
  1541 | D:3      | Reached XP level 4. HP: 25/28 MP: 4/4
  1684 | D:3      | Found an ancient bone altar of Kikubaaqudgha.
  1711 | D:2      | Reached skill level 4 in Axes
  2063 | D:3      | Found a basalt altar of Yredelemnul.
  2517 | D:4      | Noticed a black bear
  2582 | D:1      | Bought a yellow potion for 21 gold pieces
  2582 | D:1      | Bought a scroll labelled IBOCUL YMORANE for 24 gold pieces
  2582 | D:1      | Bought a scroll labelled BATONT NE CAU for 24 gold pieces
  2582 | D:1      | Bought a scroll labelled AWKOJARAXO for 24 gold pieces
  2619 | D:4      | Reached XP level 5. HP: 32/32 MP: 5/5
  2780 | D:4      | Noticed a wyvern
  2789 | D:4      | Slain by a wyvern

Illustrated notes

Levels and vault maps discovered:
D:1:      dpeg_arrival_arbitrary_a, layout_basic, serial_shops,
          nicolae_shop_back_alley_shop, nicolae_shop_statue_plus, shop, shop,
          nicolae_shop_trees, ebering_ecumenical_altar_rust
D:2:      layout_basic, roderic_serpentine_path, st_stairs_7,
          uniq_crazy_yiuf_cottage
D:3:      layout_basic, lemuel_round_altar, kiku_gazebo_pond_becter,
          nicolae_underground_beach
D:4:      layout_cave_pools, elyvilon_altar_5

Skill      XL: |  1  2  3  4 |
---------------+-------------+-----
Axes           | 2 3 4 |  4.7
Fighting       | |  3.4
Armour         | |  3.2
Shields        | |  3.4

Action                     |  1- 3 |  4- 6 || total
---------------------------+-------+-------++-------
  Melee: War axe           |    27 |       ||    27
         Broad axe         |   111 |    76 ||   187
    Use: Potion            |       |     1 ||     1
 Armour: Scale mail        |    90 |    35 ||   125
  Dodge: Dodged            |    50 |    17 ||    67
  Block: Kite shield       |    63 |    35 ||    98
